AoeStats
← ogipochi_

Arabia

503139950Analyzed
4v4 RM · 1mo ago on Aug 30, 2026· 34m 57s· 8 players
Game mode
Random Map
Map size
Large (8 player)
Population
200
Speed
Normal
Resources
Standard
Victory
Conquest
Starting age
Dark Age
Ending age
Imperial Age
RankedLock teamsTeams togetherTeam positionsShared explorationLock speedFull tech treeHidden civsTurbo modeCheats
Victory
Defeat
🇨🇳 Bohemians · China
966
+12
🇨🇳 Wu · China
894
+15
🇨🇳 Vietnamese · China
885
+15
🇨🇳 Teutons · China
855
+17
🇺🇸 Khitans · United States
903
-16
🇺🇸 Persians · United States
896
-16
🇯🇵 Wei · Japan
839
-13
🇹🇼 Portuguese · Taiwan
838
-13
ogipochi_
6:02 Loom
8:57 Loom
11:28 Feudal Age
12:44 Wheelbarrow
11:55 Double-Bit Axe
11:51 Horse Collar
12:03 Gold Mining
12:04 Stone Mining
15:50 Town Watch
21:22 Castle Age
21:03 Bloodlines
21:06 Forging
21:02 Scale Barding Armor
22:33 Hand Cart
22:47 Husbandry
23:45 Bow Saw
ThrobbinWood
10:43 Feudal Age
11:55 Loom
15:24 Castle Age
14:10 Double-Bit Axe
20:50 Fletching
23:05 Bow Saw
22:44 Town Watch
23:03 Gold Mining
24:18 Wheelbarrow
23:49 Fletching
25:33 Forging
25:29 Scale Barding Armor
26:53 Iron Casting
27:10 Hand Cart
28:30 Bloodlines
31:26 Bodkin Arrow
31:55 Husbandry
33:30 Chain Barding Armor
ChewedGizmo
10:46 Feudal Age
9:36 Loom
11:14 Double-Bit Axe
15:27 Domestication
20:45 Castle Age
19:43 Forging
20:25 Scale Barding Armor
20:32 Fletching
22:16 Husbandry
23:43 Gold Mining
26:59 Bow Saw
28:29 Iron Casting
29:43 Heavy Cavalry Archer
33:41 Bodkin Arrow
33:47 Padded Archer Armor
34:54 Ballistics
DANNY20228
1:15 Loom
11:53 Feudal Age
14:18 Horse Collar
14:26 Double-Bit Axe
14:41 Gold Mining
14:42 Stone Mining
18:40 Wheelbarrow
23:13 Castle Age
29:25 Imperial Age
26:28 Pikeman
26:54 Gambesons
26:54 Arson
27:40 Hand Cart
28:50 Hand Cart
29:15 Treadmill Crane
29:47 Fortified Wall
31:46 Chemistry
31:13 Ballistics
31:03 Masonry
32:05 Cavalier
32:45 Husbandry
32:56 Bloodlines
34:21 Stone Shaft Mining
longwei
10:58 Feudal Age
15:47 Castle Age
20:24 Chemistry
20:24 Padded Archer Armor
23:24 Horse Collar
27:42 Squires
30:39 Double-Bit Axe
32:31 Loom
33:49 Leather Archer Armor
SSD小波
11:05 Feudal Age
11:46 Double-Bit Axe
14:55 Castle Age
12:50 Horse Collar
16:43 Bow Saw
19:36 Heavy Plow
21:16 Wheelbarrow
22:46 Hand Cart
25:54 Gold Mining
27:38 Squires
26:59 Pikeman
31:30 Imperial Age
30:45 Scale Mail Armor
32:03 Chain Mail Armor
31:59 Forging
34:15 Plate Mail Armor
34:20 Iron Casting
33:08 Halberdier
33:12 Heavy Scorpion
33:12 Onager
小欣欣嘻嘻
0:39 Loom
13:52 Feudal Age
19:32 Castle Age
18:44 Horse Collar
18:52 Double-Bit Axe
20:40 Heavy Plow
22:16 Thumb Ring
24:27 Bow Saw
24:53 Crossbowman
32:27 Stone Mining
32:27 Gold Mining
巨像到你家门口
4:15 Loom
12:05 Feudal Age
12:33 Double-Bit Axe
22:01 Castle Age
24:13 Bow Saw
24:18 Squires
26:20 Pikeman
31:08 Fletching
Connection lost

Rejoining the realm…

Still unreachable

The connection could not be restored.

Session expired

The server has moved on; the page needs a fresh start.